 Dungeon Crawl Stone Soup version 0.27-a0-1228-gfd60fd639a (webtiles) character file.

Game seed: 12721799612992778162

18 dickylongcocking the Magician (level 2, 0/22 HPs)
             Began as a Djinni Fire Elementalist on June 7, 2021.
             Slain by a jackal (2 damage)
             ... on level 1 of the Dungeon.
             The game lasted 00:00:26 (554 turns).

dickylongcocking the Magician (DjFE)                 Turns: 554, Time: 00:00:27

Health: 0/22       AC:  2    Str:  7    XL:     2   Next: 85%
Gold:   38         EV: 12    Int: 16    God:
                   SH:  0    Dex: 13

rFire    + + .     SeeInvis .   c - +0 short sword
rCold    x . .     Faith    .   (no shield)
rNeg     . . .     Spirit   .   a - +0 robe
rPois    ∞         Reflect  .   (no helmet)
rElec    .         Harm     .   (no cloak)
rCorr    .         Rampage  .   (no gloves)
Will     .....                  (boots unavailable)
Stlth    ++........             (no amulet)
HPRegen  0.07/turn              (no ring)
MPRegen  0.00/turn              (no ring)

@: flying
A: sickness immunity, fire resistance 2, cold vulnerability 1, float, innate
caster, hp casting, extra vitality 1
a: no special abilities


You were on level 1 of the Dungeon.
You visited 1 branch of the dungeon, and saw 1 of its levels.

You collected 38 gold pieces.

Inventory:

Hand Weapons
 c - a +0 short sword (weapon)
Armour
 a - a +0 robe (worn)
 b - a +0 scale mail of cold resistance


   Skills:
 * Level 0.9 Fighting
 - Level 2.2 Dodging
 - Level 1.6 Stealth
 * Level 2.9 Spellcasting


You couldn't memorise any spells.
You knew the following spells:

 Your Spells              Type           Power      Damage    Failure   Level
a - Foxfire               Conj/Fire      44%        2x1d6     6%          1
b - Conjure Flame         Conj/Fire      11%        6-21      17%         3
c - Inner Flame           Hex/Fire       11%        N/A       17%         3
d - Sticky Flame          Conj/Fire      11%        2d3       50%         4
e - Fireball              Conj/Fire      5%         3d5       85%         5
Your spell library was empty.

Dungeon Overview and Level Annotations

Branches:
Dungeon (1/15)

Altars:


Innate Abilities, Weirdness & Mutations

You are immune to sickness and miasma.
You are immune to poison.
Your flesh is very heat resistant. (rF++)
You are vulnerable to cold. (rC-)
You float through the air rather than walking.
You learn spells naturally, not from books.
Your magical power is your life essence.
You have superior vitality. (+4 HP)


Message History

The foxfire hits the hobgoblin but does no damage.
The hobgoblin is heavily wounded.
The hobgoblin hits you. The jackal barely misses you.
You conjure some foxfire!
The foxfire hits the hobgoblin but does no damage.
The hobgoblin is heavily wounded.
The foxfire hits the jackal.
The jackal is heavily wounded.
The jackal closely misses you. The hobgoblin hits you.
The endoplasm freezes you.
You are frozen.
You feel a terrible chill! The jackal misses you.
You are too injured to fight recklessly!
Unknown command.
You are too injured to fight recklessly!
Unknown command.
The foxfire hits the hobgoblin.
The hobgoblin is severely wounded.
The foxfire hits the hobgoblin but does no damage.
The hobgoblin is severely wounded.
The endoplasm closely misses you.
Casting: Foxfire (safe; 6% risk of failure)
Confirm with . or Enter, or press ? or * to list all spells.
You conjure some foxfire!
The hobgoblin closely misses you. The endoplasm closely misses you.
The endoplasm hits you.
Unknown command.
Unknown command.
You hit the hobgoblin.
The hobgoblin is almost dead.
The foxfire hits the hobgoblin.
You kill the hobgoblin!
The foxfire hits the endoplasm.
The endoplasm is heavily wounded.
The endoplasm jiggles.
The endoplasm hits you.
* * * LOW HITPOINT WARNING * * *
The endoplasm freezes you.
You are frozen.
You feel a terrible chill!
* * * LOW HITPOINT WARNING * * *
The jackal bites you.
You die...

######### #.......# #.......#
....... #..._...# #........
#########.......# #........
...............### #........
...............J.## #......).
..............§hr.####........
..............@#J...##........
###.#.........#..............
#.#.........#..............
#...##.#....>.#....†.......
###..###.#.##..###...........
#...†........... ##...)......
###.............. #..........
#..##.##.#..... ...........
##)## .##.### ............


You could see an endoplasm, a quokka and a jackal.

Vanquished Creatures
  4 ball pythons (D:1)
  2 bats (D:1)
  A goblin (D:1)
  2 hobgoblins (D:1)
  2 kobolds (D:1)
  2 frilled lizards (D:1)
  4 rats (D:1)
17 creatures vanquished.

Vanquished Creatures (others)
  53 foxfires (D:1)
53 creatures vanquished.

Grand Total: 70 creatures vanquished

Notes
Turn   | Place    | Note
-------+----------+-------------------------------------------
     0 | D:1      | dickylongcocking the Djinni Fire Elementalist began the
                  | quest for the Orb.
     0 | D:1      | Reached XP level 1. HP: 15/15 MP: 0/0
   211 | D:1      | Reached XP level 2. HP: 14/21 MP: 0/0
   407 | D:1      | Found a faded altar of an unknown god.
   554 | D:1      | Slain by a jackal

Illustrated notes

Levels and vault maps discovered:
D:1:      minmay_arrival_wavy_path, layout_rooms, basic_ecumenical_altar

Action                   || total
-------------------------++-------
Melee: Unarmed           ||     1
       Short sword       ||     2
 Cast: Foxfire           ||    33
Armor: Robe              ||     4
Dodge: Dodged            ||    20

Table legend: (Time is in decaauts)
 A = Elapsed time spent in this place.
 B = Non-inter-level travel time spent in this place.
 C = Inter-level travel time spent in this place.
 D = Time resting spent in this place.
 E = Time spent auto-exploring this place.
 F = Levels seen in this place.
 G = Mean time per level.
                   A        B        C        D        E       F      G
               +--------+--------+--------+--------+--------+-----+--------+
         Total |    553 |    553 |      0 |      0 |    463 |   1 |  553.0 |
       Dungeon |    553 |    553 |      0 |      0 |    463 |   1 |  553.0 |
               +--------+--------+--------+--------+--------+-----+--------+

Top non-repeatable levels by time:
     D:1: 553 daAuts
